[Event "Schack-SM 2022: Veteran-SM +65"]
[Site "Fyrishov, Idrottsgatan 2, Uppsala, Sweden"]
[Date "2022.07.09"]
[Round "8.3"]
[White "Lagerborg, Krister"]
[Black "Alquist, Erik"]
[Result "1-0"]
[TimeControl "90 minutes for 40 moves + 30 minutes for the rest of the game + 30 seconds per move from move one."]
[WhiteFideId "1712411"]
[BlackFideId "1707701"]
[WhiteElo "2138"]
[BlackElo "1968"]

1. d4 Nf6 2. c4 e6 3. Nc3 Bb4 4. Qc2 O-O 5. a3 Bxc3+ 6. Qxc3 d5 7. Bg5 c5 8. dxc5 d4 9. Qf3 Nbd7 10.
Bxf6 Nxf6 11. b4 e5 12. e4 a5 13. Rb1 axb4 14. axb4 Bg4 15. Qd3 Qd7 16. f3 Nxe4 17. fxe4 f5 18.
Qg3 fxe4 19. h3 Be6 20. Qxe5 Qf7 21. Be2 d3 22. Bxd3 exd3 23. Nf3 d2+ 24. Kf2 Bxc4 25. Rhd1 Rae8 26.
Qc3 Be2 27. Rxd2 Bxf3 28. gxf3 Qh5 29. Qc4+ Kh8 30. Qg4 Qh6 31. Rbd1 Qe3+ 32. Kg2 Rf4 33. Qg3 Ref8 34. Rd3 Qe2+ 35.
Qf2 Qxf2+ 36. Kxf2 Rxb4 37. Rd8 Kg8 38. Rxf8+ Kxf8 39. Rd7 h5 40. Ke3 g5 41. Rd5 g4 42. Rxh5 Rb3+ 43. Ke4 gxf3 44.
Rf5+ Ke7 45. Rxf3 Rb1 46. Kd5 Rd1+ 47. Kc4 Rc1+ 48. Rc3 Rd1 49. Re3+ Kf7 50. Re4 Kf6 51. h4 Rd7 52. Rd4 Rh7 53.
Kb5 Ke7 54. Kb6 Ke8 55. Rg4 Re7 56. Rg8+ Kd7 57. Rb8 Re6+ 58. Kxb7 Rh6 59. Rg8 Rxh4 60. c6 Kd6 61. Rg6+ Kc5 62.
c7 Rb4+ 63. Ka7 1-0

[Event "Schack-SM 2022: Veteran-SM +65"]
[Site "Fyrishov, Idrottsgatan 2, Uppsala, Sweden"]
[Date "2022.07.07"]
[Round "6.4"]
[White "Bellon Lopez, Juan Manuel"]
[Black "Carlsson, Ingvar"]
[Result "1-0"]
[TimeControl "90 minutes for 40 moves + 30 minutes for the rest of the game + 30 seconds per move from move one."]
[WhiteTitle "GM"]
[WhiteFideId "2200031"]
[BlackFideId "1702670"]
[WhiteElo "2330"]
[BlackElo "2030"]

1. d4 Nf6 2. Bg5 e6 3. e3 h6 4.
Bh4 Be7 5. Nd2 b6 6. Qf3 Nc6 7. c3 Bb7 8. Bxf6 Bxf6 9. O-O-O Qe7 10. Ne4 O-O-O 11. Nxf6 gxf6 12. Qh5 f5 13. Nh3 Qf6 14. Be2 Ne7 15. Bf3 Bxf3 16. Qxf3 d5 17.
Nf4 Ng6 18. Nd3 Qe7 19. g3 Kb8 20. h4 Qe8 21. Kb1 Qb5 22. Rd2 Rc8 23. Rc1 h5 24. b3 a5 25. Ka1 Ka7 26. c4 Qd7 27.
c5 b5 28. c6 Qd6 29. Rc5 Rb8 30. Rdc2 Rb6 31. Qe2 e5 32. dxe5 Nxe5 33. Qd2 Nxc6 34. Nf4 d4 35. exd4 Nxd4 36.
Qxa5+ Kb8 37. R2c3 Nxb3+ 38. axb3 Ra6 39. Rxb5+ Ka7 40. Nd5 Rxa5+ 41. Rxa5+ Kb8 42. Rb5+ Kc8 43. Rxc7+ Qxc7 44. Nxc7 Kxc7 45.
Rxf5 Rh7 46. Kb2 Kd6 47. b4 Ke6 48. Rc5 f5 49. Kb3 Rf7 50. b5 f4 51. Kb4 fxg3 52. fxg3 Kd5 1-0

[Event "Schack-SM 2022: Veteran-SM +65"]
[Site "Fyrishov, Idrottsgatan 2, Uppsala, Sweden"]
[Date "2022.07.06"]
[Round "5.3"]
[White "Alquist, Erik"]
[Black "Malmdin, Nils-Ake"]
[Result "1-0"]
[TimeControl "90 minutes for 40 moves + 30 minutes for the rest of the game + 30 seconds per move from move one."]
[BlackTitle "FM"]
[WhiteFideId "1707701"]
[BlackFideId "1701584"]
[WhiteElo "1968"]
[BlackElo "2124"]

1. d4 Nf6 2. c4 e6 3. Nf3 Bb4+ 4. Bd2 c5 5. Bxb4 cxb4 6. a3 Qa5 7. Nbd2 Na6 8. c5 d5 9. cxd6 bxa3 10. Rxa3 Qb4 11. e4 O-O 12.
e5 Nd5 13. Rb3 Qa5 14. Bd3 f5 15. O-O Nab4 16. Bb1 Qd8 17. Nc4 Bd7 18. Qd2 a5 19. Rc1 h6 20. Ne3 b6 21. Nxd5 Nxd5 22.
Ne1 Qg5 23. Qxg5 hxg5 24. Rd3 Rfc8 25. Rdd1 Ba4 26. Bc2 Nf4 27. Bxa4 Rxc1 28. Rxc1 Ne2+ 29. Kf1 Nxc1 30. Nf3 b5 31.
Bxb5 Rb8 32. Bc4 Rxb2 33. d7 Rb8 34. Nxg5 Kf8 35. Nxe6+ Ke7 36. d8=Q+ Rxd8 37. Nxd8 Kxd8 38. Ke1 a4 39.
Kd1 Nb3 40. Bxb3 1-0

[Event "Schack-SM 2022: Veteran-SM +65"]
[Site "Fyrishov, Idrottsgatan 2, Uppsala, Sweden"]
[Date "2022.07.06"]
[Round "5.4"]
[White "Westin, Ake"]
[Black "Bergstrom, Rolf"]
[Result "1/2-1/2"]
[TimeControl "90 minutes for 40 moves + 30 minutes for the rest of the game + 30 seconds per move from move one."]
[BlackTitle "FM"]
[WhiteFideId "1712888"]
[BlackFideId "1702386"]
[WhiteElo "1994"]
[BlackElo "2202"]

1. f4 Nf6 2. Nf3 g6 3. d3 d5 4. e3 Bg7 5. Be2 O-O 6. O-O c5 7. Qe1 Nc6 8. a4 Qc7 9. Qh4 e5 10.
e4 dxe4 11. dxe4 Bg4 12. f5 gxf5 13. Bh6 Bxh6 14. Qxh6 Qd6 15. Rd1 Nd4 16. Nxd4 Bxe2 17. Rd3 Nxe4 18. Rg3+ Bg4 19. Qxd6 Nxd6 20.
Nxf5 Nxf5 21. Rxg4+ Kh8 22. Nd2 f6 23. Ra3 Rad8 24. Nc4 Rd4 25. Rxd4 Nxd4 26. Nd6 b6 27. c3 Nc6 28. Ra1 Kg7 29.
g4 Rd8 30. Ne4 Na5 31. Rf1 Nc4 32. Nxf6 Nxb2 33. Nh5+ Kg8 34. Rf5 Nd3 35. Nf6+ Kg7 36. Nh5+ Kg8 37. Nf6+ Kg7 1/2-1/2

[Event "Schack-SM 2022: Veteran-SM +65"]
[Site "Fyrishov, Idrottsgatan 2, Uppsala, Sweden"]
[Date "2022.07.06"]
[Round "5.5"]
[White "Marttala, Thomas"]
[Black "Hedin, Gunnar"]
[Result "1/2-1/2"]
[TimeControl "90 minutes for 40 moves + 30 minutes for the rest of the game + 30 seconds per move from move one."]
[WhiteFideId "1701118"]
[BlackFideId "1712381"]
[WhiteElo "2164"]
[BlackElo "2051"]

1. e4 e6 2. d4 d5 3. Nc3 Bb4 4. e5 c5 5. Bd2 Ne7 6. a3 Bxc3 7. Bxc3 Nbc6 8. Nf3 cxd4 9. Nxd4 O-O 10.
Nf3 Ng6 11. Bd3 d4 12. Bb4 Nxb4 13. Bxg6 Nc6 14. Be4 Nxe5 15. Nxe5 Qa5+ 16. c3 Qxe5 17. Qxd4 Qxd4 18. cxd4 Bd7 19.
Rc1 Rac8 20. Kd2 Bc6 21. Bxc6 bxc6 22. Rc5 Rfd8 23. Ke3 Rd5 24. Rhc1 Rxc5 25. Rxc5 Kf8 1/2-1/2

[Event "Schack-SM 2022: Veteran-SM +65"]
[Site "Fyrishov, Idrottsgatan 2, Uppsala, Sweden"]
[Date "2022.07.06"]
[Round "5.1"]
[White "Gillefalk, Bjorn"]
[Black "Dolata, Henryk"]
[Result "1-0"]
[TimeControl "90 minutes for 40 moves + 30 minutes for the rest of the game + 30 seconds per move from move one."]
[WhiteFideId "1708821"]
[BlackFideId "1709046"]
[WhiteElo "2047"]
[BlackElo "2055"]

1. e4 e6 2. d4 d5 3. e5 b6 4. c3 Qd7 5. Nf3 Ne7 6. h4 h5 7. Nbd2 c5 8. Rh3 cxd4 9. cxd4 Ba6 10.
Bxa6 Nxa6 11. Qe2 Nb4 12. Kf1 Nf5 13. Nb1 Be7 14. Nc3 Rc8 15. Bg5 Rc4 16. Rd1 Nc6 17. Be3 g6 18. Qd2 Na5 19.
Bg5 Rc7 20. Bxe7 Qxe7 21. Nb5 Rc8 22. Ng5 Nc4 23. Qe2 a6 24. Nd6+ Ncxd6 25. exd6 Qxd6 26. Qxa6 O-O 27. Rb3 Rc2 28.
Qxb6 Qf4 29. Nf3 Rfc8 30. Qb5 Rxf2+ 31. Kxf2 Rc2+ 32. Kg1 Nxh4 33. Qb8+ Qxb8 34. Rxb8+ 1-0

[Event "Schack-SM 2022: Veteran-SM +65"]
[Site "Fyrishov, Idrottsgatan 2, Uppsala, Sweden"]
[Date "2022.07.06"]
[Round "5.2"]
[White "Soderberg, Per"]
[Black "Lagerborg, Krister"]
[Result "0-1"]
[TimeControl "90 minutes for 40 moves + 30 minutes for the rest of the game + 30 seconds per move from move one."]
[WhiteTitle "CM"]
[WhiteFideId "1702904"]
[BlackFideId "1712411"]
[WhiteElo "2111"]
[BlackElo "2138"]

1. e4 c5 2. Nf3 d6 3. Bb5+ Nd7 4. O-O a6 5. Bxd7+ Bxd7 6. c3 e6 7. Re1 Ne7 8. d4 Ng6 9.
a4 b5 10. axb5 axb5 11. Rxa8 Qxa8 12. Na3 Be7 13. e5 Bc6 14. d5 Bxd5 15. exd6 Bxd6 16. c4 bxc4 17. Nb5 Bb8 18. Re3 O-O 19.
Ne1 Qb7 20. Nc3 Bc6 21. Rh3 h6 22. Qg4 Bd5 23. f4 Qe7 24. Nc2 Qf6 25. Nxd5 exd5 26. f5 Ne5 27. Qh5 Nd3 28. Bxh6 Qxh6 29.
Qd1 Qf4 30. Ne3 Qf2+ 31. Kh1 Qxe3 0-1

[Event "Schack-SM 2022: Veteran-SM +65"]
[Site "Fyrishov, Idrottsgatan 2, Uppsala, Sweden"]
[Date "2022.07.05"]
[Round "4.1"]
[White "Dolata, Henryk"]
[Black "Soderberg, Per"]
[Result "1/2-1/2"]
[TimeControl "90 minutes for 40 moves + 30 minutes for the rest of the game + 30 seconds per move from move one."]
[BlackTitle "CM"]
[WhiteFideId "1709046"]
[BlackFideId "1702904"]
[WhiteElo "2055"]
[BlackElo "2111"]

1. e4 c5 2. c3 Nf6 3. e5 Nd5 4. d4 cxd4 5. cxd4 e6 6. Nf3 d6 7. Bc4 Be7 8. Qe2 O-O 9. O-O Nc6 10.
Qe4 Ndb4 11. exd6 Qxd6 12. Bf4 Qd8 13. Nc3 Na5 14. Bb5 a6 15. Ba4 Bd7 16. Bxd7 1/2-1/2

[Event "Schack-SM 2022: Veteran-SM +65"]
[Site "Fyrishov, Idrottsgatan 2, Uppsala, Sweden"]
[Date "2022.07.05"]
[Round "4.2"]
[White "Westin, Ake"]
[Black "Gillefalk, Bjorn"]
[Result "0-1"]
[TimeControl "90 minutes for 40 moves + 30 minutes for the rest of the game + 30 seconds per move from move one."]
[WhiteFideId "1712888"]
[BlackFideId "1708821"]
[WhiteElo "1994"]
[BlackElo "2047"]

1. e4 c5 2. Nc3 e6 3. g3 d5 4. Bg2 dxe4 5. Nxe4 Be7 6. Ne2 Nf6 7. d4 Nxe4 8. Bxe4 cxd4 9. Qxd4 O-O 10.
Qxd8 Rxd8 11. Be3 Nc6 12. O-O e5 13. Nc3 Be6 14. Rfd1 f5 15. Bd5 Kf7 16. Bxe6+ Kxe6 17. a3 g5 18.
f3 h5 19. Nb5 Rxd1+ 20. Rxd1 Rc8 21. Rd2 a6 22. Nc3 Na5 23. Rd3 Nc4 24. Bc1 g4 25. Kf1 gxf3 26. Rxf3 e4 27. Rf2 Bf6 28.
Ne2 Bxb2 29. Bxb2 Nxb2 30. Nd4+ Ke5 31. Nxf5 Nd1 32. Ne7 Rxc2 33. Ng6+ Kd4 34. Rxc2 Ne3+ 35. Ke2 Nxc2 36. a4 Ne3 37.
Nf4 Ng4 38. h3 Nf6 39. a5 Kc4 40. Ne6 Kb4 41. Nd8 Kxa5 42. Nxb7+ Kb6 43. Nd6 Kc5 44. Nb7+ Kd4 45. Na5 Nd5 46.
Nb3+ Ke5 47. Nd2 Ne7 48. Nb3 Nf5 49. g4 Ng3+ 50. Kf2 h4 51. Ke3 Nf1+ 52. Kf2 Nh2 53. Ke3 Nf3 54. Nc5 Ng5 55.
Nxa6 Nxh3 56. Nc5 Ng5 57. Nd7+ Kd6 58. Nf6 h3 59. Nh5 Ke5 60. Ng3 Ke6 61. Kf4 Kf6 62. Nh5+ Ke6 63. Ng7+ Kd5 64.
Nf5 h2 65. Ng3 Kd4 66. Nh1 e3 67. Ke5+ Kxe5 0-1

[Event "Schack-SM 2022: Veteran-SM +65"]
[Site "Fyrishov, Idrottsgatan 2, Uppsala, Sweden"]
[Date "2022.07.05"]
[Round "4.3"]
[White "Bergstrom, Rolf"]
[Black "Franzen Hogberg, Thomas"]
[Result "1/2-1/2"]
[TimeControl "90 minutes for 40 moves + 30 minutes for the rest of the game + 30 seconds per move from move one."]
[WhiteTitle "FM"]
[WhiteFideId "1702386"]
[BlackFideId "1706039"]
[WhiteElo "2202"]
[BlackElo "1997"]

1. e4 e6 2. d4 d5 3. e5 c5 4. c3 Nc6 5. Nf3 Qb6 6. Na3 cxd4 7. cxd4 Bb4+ 8. Bd2 a6 9. Nc2 Bxd2+ 10. Qxd2 Qxb2 11. Bd3 Qb6 12. O-O Nge7 13. Qg5 Kf8 14. Rab1 Qc7 15. h4 h6 16. Qd2 f5 17. h5 g5 18.
hxg6 Nxg6 19. g3 Qg7 20. Kg2 h5 21. Rh1 h4 22. Qg5 Rh5 23. Qd2 Rh8 24. Rh3 hxg3 25. Rxh8+ Nxh8 26. fxg3 Nf7 27.
a4 1/2-1/2

[Event "Schack-SM 2022: Veteran-SM +65"]
[Site "Fyrishov, Idrottsgatan 2, Uppsala, Sweden"]
[Date "2022.07.05"]
[Round "4.4"]
[White "Carlsson, Ingvar"]
[Black "Marttala, Thomas"]
[Result "1/2-1/2"]
[TimeControl "90 minutes for 40 moves + 30 minutes for the rest of the game + 30 seconds per move from move one."]
[WhiteFideId "1702670"]
[BlackFideId "1701118"]
[WhiteElo "2030"]
[BlackElo "2164"]

1. e4 c5 2. Nc3 Nc6 3. g3 g6 4. Bg2 Bg7 5. d3 d6 6. Be3 Rb8 7. Qd2 b5 8. a3 a5 9. Nge2 Nd4 10.
O-O e6 11. Rac1 b4 12. axb4 axb4 13. Nd1 Nxe2+ 14. Qxe2 Ne7 15. Qd2 O-O 16. Bh6 Nc6 17. Bxg7 Kxg7 18. Ne3 Nd4 19. Ra1 Bb7 20.
Ra7 Nb5 21. Ra4 Ra8 22. Rfa1 Rxa4 23. Rxa4 h5 24. h4 Qe7 25. c3 bxc3 26. bxc3 Ra8 27. Rxa8 Bxa8 28. Qb2 Bc6 29. d4 cxd4 30.
cxd4 e5 31. dxe5 Qxe5 32. Qxe5+ dxe5 33. f3 1/2-1/2

[Event "Schack-SM 2022: Veteran-SM +65"]
[Site "Fyrishov, Idrottsgatan 2, Uppsala, Sweden"]
[Date "2022.07.04"]
[Round "3.1"]
[White "Soderberg, Per"]
[Black "Bellon Lopez, Juan Manuel"]
[Result "1-0"]
[TimeControl "90 minutes for 40 moves + 30 minutes for the rest of the game + 30 seconds per move from move one."]
[WhiteTitle "CM"]
[BlackTitle "GM"]
[WhiteFideId "1702904"]
[BlackFideId "2200031"]
[WhiteElo "2111"]
[BlackElo "2330"]

1. e4 c5 2. Nf3 Nc6 3. Bb5 g6 4. O-O Bg7 5. c3 Nf6 6. Re1 O-O 7. d4 d5 8. e5 Ne4 9. h3 cxd4 10.
cxd4 f6 11. Nc3 fxe5 12. Nxe4 dxe4 13. Qb3+ Kh8 14. Bxc6 exf3 15. Bxf3 exd4 16. Bg5 Bf6 17. Qb5 e6 18. Bxf6+ Qxf6 19.
Rad1 Rd8 20. Re4 a5 21. Qc4 b5 22. Rexd4 Rf8 23. Qc7 Ba6 24. Bxa8 Qd8 1-0

[Event "Schack-SM 2022: Veteran-SM +65"]
[Site "Fyrishov, Idrottsgatan 2, Uppsala, Sweden"]
[Date "2022.07.04"]
[Round "3.5"]
[White "Jansson, Borje"]
[Black "Westin, Ake"]
[Result "0-1"]
[TimeControl "90 minutes for 40 moves + 30 minutes for the rest of the game + 30 seconds per move from move one."]
[WhiteTitle "FM"]
[WhiteFideId "1700189"]
[BlackFideId "1712888"]
[WhiteElo "2230"]
[BlackElo "1994"]

1. Nf3 g6 2. d4 Bg7 3. c4 d6 4. Nc3 Bg4 5. e3 e6 6. Be2 Ne7 7. O-O O-O 8. Qc2 Nd7 9. Rd1 Rb8 10.
b3 Nc6 11. Bb2 f5 12. a3 Qe7 13. d5 Bxf3 14. Bxf3 Nce5 15. Be2 c6 16. Rd2 Nf7 17. dxe6 Qxe6 18. Rad1 Nf6 19. b4 Rbd8 20.
b5 Ne5 21. Qa4 Rf7 22. c5 d5 23. Qxa7 Ne4 24. Nxe4 fxe4 25. Bxe5 Bxe5 26. Qa4 Rdf8 27. f4 Bg7 28. bxc6 bxc6 29.
Rb1 Rc8 30. h3 Qe7 31. Bg4 Rc7 32. Rb8+ Rf8 33. Rxf8+ Bxf8 34. Rc2 h5 35. Be2 Bg7 36. Rc1 g5 37. f5 Qe5 38. Bxh5 Qg3 39.
Qb3 0-1

[Event "Schack-SM 2022: Veteran-SM +65"]
[Site "Fyrishov, Idrottsgatan 2, Uppsala, Sweden"]
[Date "2022.07.02"]
[Round "1.1"]
[White "Larsson, Per-Olov"]
[Black "Bellon Lopez, Juan Manuel"]
[Result "0-1"]
[TimeControl "90 minutes for 40 moves + 30 minutes for the rest of the game + 30 seconds per move from move one."]
[BlackTitle "GM"]
[WhiteFideId "1717774"]
[BlackFideId "2200031"]
[WhiteElo "1955"]
[BlackElo "2330"]

1. e4 c5 2. c3 b6 3. d4 Bb7 4. Bd3 Nf6 5. Nd2 cxd4 6. cxd4 Nc6 7. Ngf3 Nb4 8. Bb1 Ba6 9. e5 Ng8 10.
Ne4 e6 11. a3 Nd5 12. Bd3 Bxd3 13. Qxd3 f5 14. Nc3 Nxc3 15. bxc3 Qc7 16. O-O Rc8 17. Bb2 Qc4 18. Qxc4 Rxc4 19.
Nd2 Ra4 20. f4 Ne7 21. Rf3 Nc6 22. Nb3 Be7 23. Rc1 O-O 24. c4 Na5 25. Nxa5 Rxa5 26. Rfc3 Rc8 27. Kf2 Kf7 28. Kf3 Ra4 29.
Ke3 g5 30. g3 Rg8 31. Kf3 h5 32. Rd1 h4 33. Kf2 h3 34. fxg5 Rc8 35. Rdc1 Bxg5 36. R1c2 Be7 37. Ke3 d6 38.
exd6 Bxd6 39. Kd3 e5 40. dxe5 Bxe5 41. Rb3 Bxb2 42. Rbxb2 Rxa3+ 43. Kd4 Kf6 44. Rb5 Rd8+ 45. Rd5 Rxd5+ 46. Kxd5 Ra5+ 47. Kd4 Ke6 48. Re2+ Kd6 49. Rd2 Ra1 50. Ke3+ Kc5 51. Rd5+ Kxc4 52. Rxf5 b5 53. Kd4+ 0-1

[Event "Schack-SM 2022: Veteran-SM +65"]
[Site "Fyrishov, Idrottsgatan 2, Uppsala, Sweden"]
[Date "2022.07.02"]
[Round "1.2"]
[White "Jansson, Borje"]
[Black "Ekelund, Kurt"]
[Result "0-1"]
[TimeControl "90 minutes for 40 moves + 30 minutes for the rest of the game + 30 seconds per move from move one."]
[WhiteTitle "FM"]
[WhiteFideId "1700189"]
[BlackFideId "1706667"]
[WhiteElo "2230"]
[BlackElo "1939"]

1. e4 c5 2. Nf3 Nc6 3. Bb5 e5 4. O-O Bd6 5. Re1 Nf6 6. Bf1 Be7 7. d3 O-O 8. Nbd2 d5 9. exd5 Qxd5 10.
g3 Bg4 11. Bg2 Qd7 12. Nc4 Bd6 13. c3 Bc7 14. Bg5 Nd5 15. Ne3 Nxe3 16. Bxe3 b6 17. Qa4 Rad8 18. Nd2 Na5 19. Qxd7 Bxd7 20.
d4 exd4 21. cxd4 cxd4 22. Bxd4 Bc6 23. Bc3 Bxg2 24. Kxg2 Nc6 25. Rac1 Be5 26. Nc4 Bxc3 27. Rxc3 Nb4 28. Re7 Nd5 0-1